 Dungeon Crawl Stone Soup version 0.28.0-53-g5a82cb258f (webtiles) character file.

Game seed: 17208843486091132037

206 mcbry74 the Chopper (level 5, -12/47 HPs)
             Began as a Hill Orc Fighter on July 8, 2022.
             Was a Believer of Wu Jian.
             Mangled by an ogre
             ... wielding a +0 giant club
              (18 damage)
             ... on level 3 of the Dungeon.
             The game lasted 00:06:45 (3036 turns).

mcbry74 the Chopper (Hill Orc Fighter)              Turns: 3036, Time: 00:06:47

Health: -12/47     AC:  7    Str: 19    XL:     5   Next: 84%
Magic:  5/5        EV: 10    Int: 10    God:    Wu Jian [**....]
Gold:   64         SH:  4    Dex: 10    Spells: 4/4 levels left

rFire   . . .      SeeInvis .   a - +0 war axe
rCold   . . .      Faith    .   c - +0 buckler
rNeg    . . .      Spirit   .   n - +3 leather armour
rPois   .          Reflect  .   q - +0 helmet
rElec   .          Harm     .   (no cloak)
rCorr   .          Rampage  .   (no gloves)
Will    .....                   (no boots)
Stlth   +.........              (no amulet)
HPRegen 0.15/turn               (no ring)
MPRegen 0.09/turn               (no ring)

@: no status effects
A: no striking features
a: Renounce Religion, Wall Jump


You were on level 3 of the Dungeon.
You worshipped Wu Jian.
Wu Jian was pleased with you.
You visited 1 branch of the dungeon, and saw 4 of its levels.

You collected 64 gold pieces.

Inventory:

Hand Weapons
 a - a +0 war axe (weapon)
 s - the +7 falchion of the Dripping Moth {elec, Will+ Int+2}
   (You found it on level 3 of the Dungeon)

   It occasionally discharges a powerful burst of electricity upon striking a
   foe.
   Int:       It affects your intelligence (+2).
   Will:      It increases your willpower.
Missiles
 e - 108 stones (quivered)
Armour
 b - a +0 scale mail
 c - a +0 buckler (worn)
 n - a +3 leather armour (worn)
 q - a +0 helmet (worn)
Jewellery
 o - a +6 ring of strength
 r - a ring of positive energy
 u - a ring of magical power
Wands
 t - a wand of flame (19)
 v - a wand of polymorph (6)
Scrolls
 f - 2 scrolls of teleportation {unknown}
 g - a scroll of identify {unknown}
 h - 2 scrolls of enchant armour {unknown}
 k - a scroll of fear {unknown}
 p - a scroll of silence {unknown}
Potions
 d - a potion of might
 i - 3 potions of curing {unknown}
 j - a potion of mutation {unknown}
 l - 2 potions of berserk rage {unknown}
 m - a potion of brilliance {unknown}


   Skills:
 - Level 4.3 Fighting
 * Level 5.0 Axes
 + Level 4.5 Armour
 + Level 4.4 Shields


You had 4 spell levels left.
You didn't know any spells.
Your spell library contained the following spells:

 Spells                   Type           Power      Damage    Failure   Level
 Shock                    Conj/Air       0%         1d3       50%         1
 Ozocubu's Armour         Ice            0%         N/A       86%         3
 Stone Arrow              Conj/Erth      0%         3d7       86%         3
 Swiftness                Air            0%         N/A       86%         3
 Airstrike                Air            0%         N/A       99%         4
 Animate Armour           Summ/Erth      0%         N/A       99%         4
 Metabolic Englaciation   Hex/Ice        0%         N/A       100%        5
 Simulacrum               Ice/Necr       0%         N/A       100%        6
 Lehudib's Crystal Spear  Conj/Erth      0%         10d2      100%        8


Dungeon Overview and Level Annotations

Branches:
Dungeon (4/15)
 Temple: D:4-7

Altars:
Hepliaklqana
Wu Jian


Message History

There is a stone staircase leading up here.
The endoplasm jiggles.
You don't know any spells.
The ball python misses you. The ball python grabs you.
You stop ascending the stairs.
The ball python constricts you. The ogre closely misses you.
The ball python bites you but does no damage.
The ball python constricts you.
You escape the ball python's grasp.
You block the ogre's attack. The ball python closely misses you. x2
You climb upwards.
There is a stone staircase leading down here.
Aiming: Wall Jump
Press: ? - help, Dir - move target You attack the ball python from above.
You closely miss the ball python.
You attack the ogre from above.
You barely miss the ogre.
The ogre is heavily wounded.
The ball python barely misses you. The ball python grabs you.
The ball python constricts you. The ogre barely misses you.
The ball python barely misses you.
The ball python bites you but does no damage.
The ball python constricts you. The ball python barely misses you.
You barely miss the ogre.
The ogre is heavily wounded.
You barely miss the ball python. You slash the ball python!
You kill the ball python!
The Council accepts your kill.
The ogre hits you with a +0 giant club!!
* * * LOW HITPOINT WARNING * * *
The ball python bites you but does no damage.
The ball python constricts you. The ball python bites you.
* * * LOW HITPOINT WARNING * * *
The ball python constricts you.
You barely miss the ogre.
The ogre is heavily wounded.
You hit the ball python.
You kill the ball python!
The Council accepts your kill.
The ogre hits you with a +0 giant club!!
You die...

#.####.#####.#........
#.# #.# #.#........
#.# #.# #......)...
#.# #.# ###.###......
#.####.###...# #...###
#............###.#.#
####...............#
#.†...........#..#
#>.@..........#..###
#.O...........h.....
##............##.###
##...#....).....#
######.#....####
#########.#.#.##
#5h.55....#.#.#
#.#########.#.# #.#
#.#(#


You could see an ogre.

Vanquished Creatures
  Jessica (D:3)
  Natasha (thrice) (D:3)
  An orc wizard (D:3)
  2 adders (D:3)
  2 worms
  2 dart slugs (D:2)
  4 orcs (D:3)
  8 ball pythons
  3 endoplasms (D:1)
  2 giant cockroaches (D:3)
  6 goblins
  4 hobgoblins
  4 kobolds
  2 quokkas
  2 bats (D:1)
  2 frilled lizards
  5 rats
53 creatures vanquished.

Notes
Turn   | Place    | Note
-------+----------+-------------------------------------------
     0 | D:1      | mcbry74 the Hill Orc Fighter began the quest for the Orb.
     0 | D:1      | Reached XP level 1. HP: 19/19 MP: 1/1
   271 | D:1      | Reached XP level 2. HP: 15/27 MP: 2/2
   436 | D:1      | Reached skill level 3 in Axes
   808 | D:1      | Found a faded altar of an unknown god.
   821 | D:1      | Prayed at the altar of an unknown god.
   821 | D:1      | Became a worshipper of the Wu Jian Council
   821 | D:1      | Reached * piety under Wu Jian
  1463 | D:2      | Found a hazy altar of Hepliaklqana.
  1481 | D:2      | Reached XP level 3. HP: 30/33 MP: 3/3
  2114 | D:3      | Reached XP level 4. HP: 39/40 MP: 4/4
  2156 | D:3      | Identified the +7 falchion of the Dripping Moth {elec,
                  | Will+ Int+2}
  2161 | D:3      | Noticed Natasha
  2204 | D:3      | Killed Natasha
  2204 | D:3      | Reached ** piety under Wu Jian
  2333 | D:3      | Reached skill level 4 in Axes
  2333 | D:3      | Reached XP level 5. HP: 40/47 MP: 5/5
  2465 | D:3      | Noticed Natasha
  2470 | D:3      | Killed Natasha
  2593 | D:3      | Noticed Jessica
  2613 | D:3      | Killed Jessica
  2948 | D:3      | Noticed Natasha
  2959 | D:3      | Killed Natasha
  2960 | D:3      | Reached skill level 5 in Axes
  3026 | D:4      | Noticed an ogre
  3036 | D:3      | Mangled by an ogre

Illustrated notes

Levels and vault maps discovered:
D:1:      dpeg_arrival_pond, layout_basic, hellmonk_ecumenical_altar_run_dry,
          supply_closet_lemuel, minmay_pentomino_o4
D:2:      layout_basic, basic_altar
D:3:      layout_loops_ring, minmay_tree_intersection, uniq_natasha,
          uniq_jessica
D:4:      layout_cave_pods, mainiacjoe_overflow_alcove_4, kennysheep_mini_moat,
          gup_sewer_entry_pipe, minivault_23, minmay_misc_feat_five,
          corexii_item_surrounded_by_moat

Skill      XL: |  1  2  3  4  5 |
---------------+----------------+-----
Axes           | 3 4 5 |  5.0
Fighting       | 4 |  4.3
Armour         | 4 |  4.5
Shields        | 4 |  4.4

Action                   |  1- 3 |  4- 6 || total
-------------------------+-------+-------++-------
Melee: War axe           |    76 |    59 ||   135
       Unarmed           |       |    12 ||    12
Invok: Lunge             |    10 |    13 ||    23
       Whirlwind         |     1 |     1 ||     2
 Abil: Wall Jump         |       |     2 ||     2
Armor: Scale mail        |    12 |       ||    12
       Leather armour    |    14 |    14 ||    28
       Skin              |       |     4 ||     4
Dodge: Dodged            |    38 |    44 ||    82
Block: Buckler           |    14 |     3 ||    17
